 Dungeon Crawl Stone Soup version 0.18.1-48-g4cf74bf (webtiles) character file.

25 tyranidshit the Skirmisher (level 2, -2/25 HPs)
             Began as a Demonspawn Abyssal Knight on Sept 9, 2016.
             Was a Follower of Lugonu.
             Slain by a gnoll
             ... wielding a +0 whip
              (3 damage)
             ... on level 1 of the Dungeon.
             The game lasted 00:03:12 (1298 turns).

tyranidshit the Skirmisher (DsAK)                   Turns: 1298, Time: 00:03:13

Health: -2/25      AC:  8    Str:  9 (12) XL:     2   Next: 86%
Magic:  3/3        EV:  4    Int: 10 (13) God:    Lugonu [*.....]
Gold:   64         SH:  0    Dex:  9 (12) Spells: 0 memorised, 1 level left

rFire  . . .     SeeInvis .     a - +1 hand axe
rCold  . . .     Gourm    .     g - +0 chain mail
rNeg   . . .     Faith    .     (no shield)
rPois  .         Spirit   .     (no helmet)
rElec  .         Dismiss  .     (no cloak)
rCorr  .         Reflect  .     (no gloves)
SustAt .         Harm     .     (no boots)
MR     .....                    (no amulet)
Stlth  ..........               (no ring)
                                (no ring)

@: hasted, very quick, not resistant to hostile enchantments, extremely
unstealthy
A: nightstalker 1
a: Depart the Abyss, Renounce Religion


You were on level 1 of the Dungeon.
You worshipped Lugonu.
Lugonu was aware of your devotion.
You were not hungry.

You visited 1 branch of the dungeon, and saw 2 of its levels.
You visited the Abyss 1 time.

You collected 64 gold pieces.

Inventory:

Hand Weapons
 a - a +1 hand axe (weapon)
Armour
 b - a +0 leather armour
 g - a +0 chain mail (worn)
Scrolls
 i - a scroll of enchant weapon {unknown}
 m - a scroll of identify {unknown}
Potions
 e - a potion of degeneration
 h - a potion of ambrosia {unknown}
 j - a potion of haste
Comestibles
 c - 4 bread rations
 d - a slice of pizza
 f - a fruit
 k - a meat ration
 l - a beef jerky


   Skills:
 + Level 4.1 Fighting
 - Level 1.7 Axes
 - Level 1.7 Armour
 - Level 0.8 Dodging
 - Level 2.4 Invocations


You had one spell level left.
You didn't know any spells.

Dungeon Overview and Level Annotations

Branches:
Dungeon (2/15)

Altars:


Innate Abilities, Weirdness & Mutations

You are slightly more attuned to the shadows.


Message History

The gnoll is moderately wounded.
The gnoll hits you with a whip.
* * * LOW HITPOINT WARNING * * *
Unknown command.
You hit the gnoll.
The gnoll is heavily wounded.
The gnoll hits you but does no damage.
You closely miss the gnoll.
The gnoll is heavily wounded.
The gnoll hits you but does no damage. The gnoll hits you with a whip.
* * * LOW HITPOINT WARNING * * *
Drink which item? (? for menu, Esc to quit)
It was a potion of degeneration.
There was something very wrong with that liquid.
You feel weakened.
You feel dopey.
You feel clumsy. The gnoll hits you but does no damage.
Drink which item? (? for menu, Esc to quit)
It was a potion of haste.
You feel yourself speed up. The gnoll hits you with a whip.
You die...

#.##.######## ###############
#.##.##.....# #.............#
#.##.†......# #.##....#####.#
#.##........# #.##.##.#...#.#
#..#........# #.##.##.#.#.#.#
##.#.##.....# #.##.##.#.#.#.#
#.#.######### #.##.##.#.#.#.#
##.#.#####...######.##.##.#.#.#.#
.........'...'..@##.#...#.#.#.#.#
##.#######...##g..#.#...#.#...(..
#.# ######...#.#...#.#.#.#.# #.#
####...#.##'##.#.#.#.. #.#
#........##.##.#...... #.#
#........##..#.#.#.### #.#
#.....)..###.#.#.#.#.#
##.#########...[........#.#...#..
...................######.#####.#


You could see a gnoll.

Vanquished Creatures
  A worm (D:1)
  A giant gecko (D:2)
  4 goblins (D:1)
  A hobgoblin (D:1)
  3 jackals (D:1)
  A ball python (D:1)
  4 bats
  A kobold (D:1)
  6 rats (D:1)
22 creatures vanquished.

Notes
Turn   | Place    | Note
--------------------------------------------------------------
     0 | Abyss:1  | tyranidshit the Demonspawn Abyssal Knight began the quest for the Orb.
     0 | Abyss:1  | Reached XP level 1. HP: 18/18 MP: 2/2
    32 | Abyss:1  | Found a shimmering altar of Xom.
   139 | Abyss:2  | Noticed a giant orange brain
   141 | Abyss:2  | Noticed a ynoxinul
   144 | Abyss:2  | Noticed an eye of draining
   144 | Abyss:2  | Noticed a small abomination
   145 | D:1      | Escaped the Abyss
   430 | D:1      | Gained mutation: You are slightly more attuned to the shadows. [demonic ancestry]
   430 | D:1      | Reached XP level 2. HP: 24/24 MP: 3/3
   502 | D:1      | Reached * piety under Lugonu
   957 | D:1      | Reached skill level 4 in Fighting
  1296 | D:1      | HP: 1/25 [gnoll/whip (2)]
  1298 | D:1      | Slain by a gnoll

Skill      XL: |  1  2 |
---------------+-------+-----
Fighting       | 4 |  4.1
Axes           | |  1.7
Armour         | |  1.7
Dodging        | |  0.8
Invocations    | |  2.4

Action                   || total
-------------------------++-------
Melee: Hand axe          ||    96
Invok: Depart the Abyss  ||     1
  Use: Scroll            ||     2
       Potion            ||     2
  Eat: Bread ration      ||     1
Armor: Chain mail        ||   101
Dodge: Dodged            ||    33
